 Dungeon Crawl Stone Soup version 0.15.0-34-g666c3a1 (webtiles) character file.

24334 Kashira the Grappler (level 12, -32/119 HPs)
             Began as a Troll Artificer on Sept 16, 2014.
             Was an Elder of Nemelex Xobeh.
             Annihilated by a minotaur
             ... wielding a +2 rod of ignition (11/11)
              (44 damage)
             ... in a labyrinth.
             The game lasted 01:27:56 (15269 turns).

Kashira the Grappler (Troll Artificer)             Turns: 15269, Time: 01:27:57

HP -32/119       AC  9     Str 22      XL: 12   Next: 79%
MP  11/11        EV 14     Int  8      God: Nemelex Xobeh [****..]
Gold 563         SH 10     Dex 14      Spells:  0 memorised, 11 levels left

rFire  . . .     SeeInvis .       - Unarmed
rCold  + . .     Clarity  .     t - +1 robe {rC+}
rNeg   + . .     rCorr    .     x - +0 shield
rPois  .         rRot     .     (helmet restricted)
rElec  .         Spirit   .     w - +2 cloak
SustAb .         Warding  +     (gloves unavailable)
rMut   .         Stasis   .     (boots unavailable)
Gourm  +                        k - amulet of warding
MR     .....                    A - ring of stealth
                                (no ring)

@: especially stealthy, very slightly contaminated, invisible, not resistant to
hostile enchantments, stealthy
A: unfitting armour, claws 3, fast metabolism 3, gourmand, regeneration 2,
saprovore 2, shaggy fur 1, tough skin 2
a: Draw One, Peek at Two, Triple Draw, Deal Four, Renounce Religion


You were in a labyrinth.
You worshipped Nemelex Xobeh.
Nemelex Xobeh was greatly pleased with you.
You were full.

You visited 3 branches of the dungeon, and saw 17 of its levels.
You also visited: Labyrinth and Sewer.

You collected 844 gold pieces.
You spent 205 gold pieces at shops.

Inventory:

Missiles
 v - 21 tomahawks
 P - a throwing net
 Q - 2 javelins (quivered)
Armour
 t - a +1 robe of cold resistance (worn)
 w - a +2 cloak (worn)
 x - a +0 shield (worn)
Magical devices
 c - a wand of enslavement (8)
 d - a wand of random effects (8)
 j - a wand of slowing (9)
 D - a wand of fire (0)
 S - a wand of polymorph (11)
 Y - a wand of cold (2)
Comestibles
 a - 11 meat rations
 s - 20 fruits
 K - a rotting chunk of orc flesh
Scrolls
 b - a scroll of fear
 e - a scroll of vulnerability {unknown}
 g - 4 scrolls of identify
 i - 6 scrolls of remove curse
 n - a scroll of magic mapping
 o - 2 scrolls of teleportation
Jewellery
 k - an amulet of warding (around neck)
 y - an uncursed amulet of resist mutation
 z - an uncursed ring of protection from fire
 A - a ring of stealth (right claw)
 J - a cursed ring of teleportation {unknown}
 M - a cursed ring of fire
Potions
 f - a potion of agility
 h - a potion of heal wounds
 m - 2 potions of invisibility
 q - 4 potions of haste
 u - a potion of flight
 B - a potion of might
 C - a potion of resistance
 F - a potion of curing
 O - a potion of magic
Books
 r - a book of the Dragon

   Spells                             Type                      Level
   Flight                             Charms/Air                   3
   Cause Fear                         Hexes                        4
   Bolt of Fire                       Conjuration/Fire             6
   Dragon Form                        Transmutation                7
   Dragon's Call                      Summoning                    9
Miscellaneous
 l - a plain deck of war {drawn: 5}
 p - a plain deck of escape {the Banshee, drawn: 1}
 G - a plain deck of escape {drawn: 3}
 I - a legendary deck of war {the Hammer, drawn: 2}
 N - a sack of spiders {used: 7}
 Z - a legendary deck of war {Degeneration, drawn: 10}


   Skills:
 - Level 8.0 Fighting
 - Level 3.6 Throwing
 - Level 10.2 Dodging
 - Level 0.4 Stealth
 * Level 4.9 Shields
 - Level 13.2 Unarmed Combat
 - Level 3.1 Evocations


You had 11 spell levels left.
You didn't know any spells.

Dungeon Overview and Level Annotations

Branches:
Dungeon (12/15)            Temple (1/1) D:4            Lair (4/8) D:8
  Swamp (0/5) Lair:3        Snake (0/5) Lair:3
    Orc: D:9-12

Altars:
Ashenzari
Cheibriados
Dithmenos
Fedhas
Kikubaaqudgha
Makhleb
Nemelex Xobeh
Okawaru
Qazlal
Vehumet
Xom
Yredelemnul
Zin
The Shining One
Beogh
Jiyva

Shops:
D:4 *%!   D:6 ?=

Annotations:
D:10 exclusion: silver statue


Innate Abilities, Weirdness & Mutations

You are too large for most types of armour.
You have claws for hands.
Your metabolism is lightning-fast.
You like to eat raw meat.
You heal very quickly.
You can eat rotten meat.
You are covered in fur (AC +1).
You have very tough skin (AC +2).


Message History

Throwing (i - inventory. (,) - cycle):
Q - 2 javelins (quivered)
Press: ? - help, Shift-Dir - straight line, f - minotaur
Aim: a minotaur, wielding a gnarled jewelled rod and wearing a sparkling jade amulet (almost dead, berserk, fast, unusually strong, bleeding, hasn't noticed you)
Okay, then.
Evoke which item? (* to show all) (? for menu, Esc to quit)
Okay, then.
Read which item? (? for menu, Esc to quit)
Okay, then.
Drink which item? (? for menu, Esc to quit)
Okay, then.
Press: ? - help, v - describe, . - travel
Here: a minotaur, wielding a gnarled jewelled rod and wearing a sparkling jade amulet (almost dead, berserk, fast, unusually strong, bleeding, hasn't noticed you)
The floor, spattered with blood.
Drink which item? (? for menu, Esc to quit)
Okay, then.
You closely miss the minotaur.
The minotaur is almost dead.
The minotaur hits you with a gnarled jewelled rod!!!
You die...
Your body disappears without a glow.

# #.#.#. .#.
# # # # ..#.
# #
..#.#.###.# #
. ### # ..#.#
.#.... #. ..
# ..# ##
.#.##### . .#
#.........# #
###########.#
.....<..H@.#
#
############


You could see a minotaur (berserk).

Vanquished Creatures
  Rupert (Lair:3)
  Josephine (D:11)
  Fannar (D:11)
  The ghost of teukkam the Grappler, an experienced TrMo of Nemelex Xobeh (D:8)
  A spriggan (Lair:4)
  A flayed ghost (D:8)
  An unseen horror (D:11)
  A griffon (Lair:3)
  A centaur zombie (D:11)
  A manticore (D:11)
  3 black mambas
  5 spiny frogs
  A centaur skeleton (D:10)
  A fire drake (Lair:2)
  A two-headed ogre (D:9)
  2 komodo dragons
  A queen bee (Lair:3)
  A troll (D:10)
  8 blink frogs
  A basilisk (Lair:2)
  2 deep elf magi
  2 fire bats (D:8)
  6 wraiths
  A shadow (D:8)
  9 yaks
  4 hippogriffs
  A wolf (D:10)
  Edmund (D:4)
  A golden eye (Lair:2)
  4 nagas (Lair:3)
  A hydra simulacrum (D:11)
  4 water moccasins
  A yellow wasp (Lair:4)
  3 porcupines
  10 orc warriors
  2 ice beasts
  A black bear (D:9)
  9 ogres
  7 centaurs
  6 crocodiles
  14 giant frogs
  A wyvern zombie (D:9)
  3 big kobolds
  A gnoll sergeant (D:5)
  5 scorpions
  4 killer bees (D:7)
  A troll zombie (D:8)
  4 goliath beetles
  9 orc priests
  A gnoll shaman (D:4)
  8 crimson imps
  An elf zombie (D:11)
  A giant frog skeleton (D:5)
  5 jellies
  2 orc wizards
  11 hounds
  An elf skeleton (D:9)
  6 iguanas
  5 worker ants
  5 sheep (Lair:3)
  10 gnolls
  20 adders
  19 green rats
  5 giant mites
  3 shadow imps
  7 worms
  An orc zombie (D:6)
  A giant eyeball (D:9)
  11 giant geckos
  2 oozes (D:6)
  53 orcs
  A ball python (Sewer)
  A bat zombie (D:5)
  16 goblins
  14 hobgoblins
  19 jackals
  28 kobolds
  10 quokkas
  25 bats
  5 giant cockroaches
  11 giant newts
  A giant spore (D:11)
  2 kobold zombies (D:11)
  A quokka zombie (D:11)
  24 rats
  2 ballistomycetes (D:11)
489 creatures vanquished.

Vanquished Creatures (collateral kills)
  2 spiny frogs (Lair:3)
  2 yaks (D:10)
  An orc warrior (D:10)
  A yellow wasp (Lair:3)
  A cyclops skeleton (D:11)
  An orc priest (D:9)
  An iguana (Lair:1)
  An adder (Lair:3)
  An orc (D:10)
  A hobgoblin (D:4)
  A jackal (D:4)
  A kobold (D:4)
14 creatures vanquished.

Vanquished Creatures (others)
  An elephant (Lair:3)
  A spiny frog (Lair:3)
  A hog (Lair:3)
  A dancing weapon (D:9)
  A soldier ant (Lair:3)
  2 vampire mosquitoes (D:10)
  6 spiders
  3 giant mites (Lair:3)
16 creatures vanquished.

Grand Total: 519 creatures vanquished

Notes
Turn   | Place    | Note
--------------------------------------------------------------
     0 | D:1      | Kashira, the Troll Artificer, began the quest for the Orb.
     0 | D:1      | Reached XP level 1. HP: 18/18 MP: 1/1
   292 | D:1      | Reached XP level 2. HP: 24/26 MP: 1/1
   868 | D:2      | Reached skill level 1 in Fighting
   919 | D:2      | Reached XP level 3. HP: 28/33 MP: 3/3
  1084 | D:2      | Found a blossoming altar of Fedhas.
  1446 | D:2      | Found a glowing golden altar of the Shining One.
  1653 | D:2      | Reached XP level 4. HP: 29/41 MP: 3/3
  1718 | D:2      | Found a radiant altar of Vehumet.
  2204 | D:3      | Found a shimmering altar of Xom.
  2234 | D:3      | Reached XP level 5. HP: 47/49 MP: 4/4
  2289 | D:3      | Reached skill level 3 in Dodging
  2605 | D:3      | Reached XP level 6. HP: 53/57 MP: 5/5
  2675 | D:4      | Found Madan's Distillery.
  2682 | D:4      | Bought a potion of lignification for 22 gold pieces
  2682 | D:4      | Bought a potion of poison for 11 gold pieces
  2682 | D:4      | Bought 2 potions of curing for 44 gold pieces
  2682 | D:4      | Bought a potion of might for 27 gold pieces
  2682 | D:4      | Bought a potion of confusion for 11 gold pieces
  2847 | D:4      | Found Zedov's General Store.
  2850 | D:4      | Found a staircase to the Ecumenical Temple.
  2850 | D:4      | Noticed Edmund
  2895 | D:4      | Killed Edmund
  2895 | D:4      | Reached skill level 4 in Dodging
  2895 | D:4      | Reached XP level 7. HP: 36/66 MP: 5/6
  3060 | D:4      | Found a glowing drain.
  3109 | Sewer    | Entered a sewer
  3642 | D:4      | Reached skill level 5 in Dodging
  3688 | Temple   | Entered the Ecumenical Temple
  3701 | Temple   | Became a worshipper of Nemelex Xobeh the Trickster
  3794 | D:4      | Found Feczipna's Food Boutique.
  4103 | D:5      | Entered Level 5 of the Dungeon
  4175 | D:5      | Received a gift from Nemelex Xobeh
  4258 | D:5      | Reached XP level 8. HP: 47/75 MP: 7/7
  4598 | D:5      | Acquired Nemelex Xobeh's first power
  4809 | D:6      | Reached skill level 6 in Dodging
  4809 | D:6      | Reached skill level 5 in Unarmed Combat
  4813 | D:6      | Received a gift from Nemelex Xobeh
  5151 | D:6      | Found Iwnoklul's Magic Scroll Boutique.
  5154 | D:6      | Bought a scroll of teleportation for 36 gold pieces
  5154 | D:6      | Bought a scroll of fear for 42 gold pieces
  5154 | D:6      | Bought a scroll of noise for 12 gold pieces
  5225 | D:6      | Found a viscous altar of Jiyva.
  5318 | D:6      | Found Igulirr's Jewellery Boutique.
  5883 | D:7      | Reached skill level 1 in Throwing
  5883 | D:7      | Reached XP level 9. HP: 62/85 MP: 8/8
  5998 | D:7      | Received a gift from Nemelex Xobeh
  6062 | D:7      | Reached skill level 7 in Unarmed Combat
  6203 | D:7      | Acquired Nemelex Xobeh's second power
  6232 | D:7      | Reached skill level 5 in Fighting
  6575 | D:8      | Found a shattered altar of Ashenzari.
  6624 | D:8      | Found a glowing silver altar of Zin.
  6626 | D:8      | Received a gift from Nemelex Xobeh
  6626 | D:8      | Noticed an angel
  6630 | D:8      | Found a shimmering altar of Xom.
  6811 | D:8      | Noticed teukkam's ghost (experienced TrMo)
  6870 | D:8      | Reached skill level 8 in Unarmed Combat
  6885 | D:8      | Found a basalt altar of Yredelemnul.
  6900 | D:8      | Found a glowing golden altar of the Shining One.
  7005 | D:8      | Found a snail-covered altar of Cheibriados.
  7074 | D:8      | Found a shimmering altar of Xom.
  7087 | D:8      | Reached XP level 10. HP: 66/97 MP: 9/9
  7134 | D:8      | Found an ancient bone altar of Kikubaaqudgha.
  7174 | D:8      | Found a burning altar of Makhleb.
  7335 | D:8      | Received a gift from Nemelex Xobeh
  7349 | D:8      | Reached skill level 9 in Unarmed Combat
  7362 | D:8      | Found a staircase to the Lair.
  7615 | D:8      | Killed teukkam's ghost
  7772 | D:8      | Noticed a flayed ghost
  7779 | D:8      | Killed a flayed ghost
  7782 | D:8      | Identified Iskenderun's Almanac of Conjuration
  7979 | D:9      | Paralysed by a giant eyeball for 2 turns
  8167 | D:9      | Acquired Nemelex Xobeh's third power
  8442 | D:9      | Received a gift from Nemelex Xobeh
  8447 | D:9      | Reached skill level 10 in Unarmed Combat
  8679 | D:10     | Entered Level 10 of the Dungeon
  9078 | D:10     | Reached XP level 11. HP: 86/107 MP: 9/9
  9173 | D:10     | Noticed a silver statue
  9200 | D:10     | Received a gift from Nemelex Xobeh
  9243 | D:10     | Identified a scroll of acquirement
  9567 | D:10     | Received a gift from Nemelex Xobeh
  9627 | D:10     | Reached skill level 11 in Unarmed Combat
  9661 | D:10     | Found a roughly hewn altar of Beogh.
 10094 | Lair:1   | Entered Level 1 of the Lair of Beasts
 10107 | Lair:1   | Received a gift from Nemelex Xobeh
 10513 | Lair:1   | Received a gift from Nemelex Xobeh
 11188 | Lair:2   | Received a gift from Nemelex Xobeh
 11532 | Lair:2   | Reached skill level 12 in Unarmed Combat
 11972 | Lair:3   | Noticed Snorg
 11979 | Lair:3   | Noticed Snorg
 11979 | Lair:3   | Snorg changed into Snorg the black mamba
 12003 | Lair:2   | Killed Snorg the black mamba
 12411 | Lair:3   | Acquired Nemelex Xobeh's fourth power
 12531 | Lair:3   | Noticed a naga warrior
 12544 | Lair:3   | Noticed Rupert
 12564 | Lair:3   | Found a staircase to the Swamp.
 12795 | Lair:3   | Found a staircase to the Snake Pit.
 12843 | Lair:3   | Killed Rupert
 12843 | Lair:3   | Reached XP level 12. HP: 37/118 MP: 11/11
 13086 | Lair:3   | Received a gift from Nemelex Xobeh
 13242 | Lair:3   | Reached skill level 13 in Unarmed Combat
 13585 | Lair:4   | Reached skill level 10 in Dodging
 13881 | Lair:4   | Noticed a six-headed hydra
 14271 | D:11     | Received a gift from Nemelex Xobeh
 14274 | D:11     | Found a radiant altar of Vehumet.
 14471 | D:11     | Noticed Fannar
 14487 | D:11     | Killed Fannar
 14837 | D:11     | Received a gift from Nemelex Xobeh
 14921 | D:11     | Noticed Josephine
 14983 | D:11     | Killed Josephine
 15000 | D:12     | Found a labyrinth entrance.
 15030 | Lab      | Entered a labyrinth
 15213 | Lab      | Acquired Nemelex Xobeh's fifth power
 15256 | Lab      | Noticed a minotaur
 15269 | Lab      | Identified a +2 rod of ignition (11/11)
 15269 | Lab      | Annihilated by a minotaur

Action                   |  1- 3 |  4- 6 |  7- 9 | 10-12 || total
-------------------------+-------+-------+-------+-------++-------
Melee: Unarmed           |   157 |   187 |   528 |   823 ||  1695
Throw: Tomahawk          |       |       |    15 |     4 ||    19
       Javelin           |       |       |       |    36 ||    36
Invok: Peek at Two       |       |       |       |     4 ||     4
       Draw One          |       |       |       |     1 ||     1
       Triple Draw       |       |       |       |     1 ||     1
Evoke: Wand              |       |    10 |     2 |    22 ||    34
       Deck              |       |       |     2 |    47 ||    49
       Sack of spiders   |       |       |       |    10 ||    10
  Use: Scroll            |       |     6 |     6 |    19 ||    31
       Potion            |       |     4 |     1 |     7 ||    12
 Stab: Sleeping          |       |     1 |     1 |     8 ||    10
       Invisible         |       |       |       |     6 ||     6
       Fleeing           |       |       |       |     1 ||     1
  Eat: Chunk             |    18 |    11 |    33 |    76 ||   138
       Beef jerky        |       |       |       |     2 ||     2
